 Dungeon Crawl Stone Soup version 0.23.0 (webtiles) character file.

Game seed: 916728098457485999

1557 Descartes the Ruffian (level 8, -2/40 HPs)
             Began as a Vine Stalker Warper on Feb 10, 2019.
             Was an Initiate of Cheibriados.
             Killed from afar by an electric eel (5 damage)
             ... with a bolt of electricity
             ... on level 6 of the Dungeon.
             The game lasted 00:34:00 (6232 turns).

Descartes the Ruffian (Vine Stalker Warper)         Turns: 6232, Time: 00:34:01

Health: -2/40      AC: 10    Str: 11    XL:     8   Next: 88%
Magic:  0/15       EV: 13    Int: 15    God:    Cheibriados [......]
Gold:   316        SH:  3    Dex: 15    Spells: 7/15 levels left

rFire    + . .     SeeInvis +     - Unarmed
rCold    x . .     Gourm    .   (no shield)
rNeg     . . .     Faith    .   C - +1 leather armour of Wygryjat {+Fly Str-5 SInv}
rPois    .         Spirit   +   (no helmet)
rElec    .         Reflect  +   (no cloak)
rCorr    .         Harm     .   A - +0 pair of gloves
MR       +....                  (no boots)
Stlth    ++........             I - +3 amulet of reflection
HPRegen  0.53/turn              b - +5 ring of protection
MPRegen  0.14/turn              E - ring of fire

@: very slow
A: fangs 3, regeneration 1, magic shield, antimagic bite, no potion heal 3, rot
immunity
a: Bend Time, Renounce Religion, Evoke Flight


You were on level 6 of the Dungeon.
You worshipped Cheibriados.
Cheibriados was noncommittal.
You were not hungry.

You visited 2 branches of the dungeon, and saw 7 of its levels.
You also visited: Sewer.

You collected 316 gold pieces.

Inventory:

Missiles
 d - 5 tomahawks of dispersal
 e - 81 sling bullets
 g - 13 tomahawks (quivered)
 j - a throwing net
 k - 214 stones
 q - 73 bolts
 M - 17 poisoned needles
 N - 15 arrows
Armour
 a - a +0 leather armour
 n - a +0 ring mail
 A - a +0 pair of gloves (worn)
 C - the +1 leather armour of Wygryjat (worn) {+Fly Str-5 SInv}
   (You found it on level 5 of the Dungeon)

   It affects your strength (-5).
   It lets you see invisible.
   It lets you fly.
 F - a +0 chain mail
Jewellery
 b - a +5 ring of protection (left hand)
 w - an uncursed ring of ice
 y - an uncursed amulet of the gourmand
 E - a ring of fire (right hand)
 I - a +3 amulet of reflection (around neck)
 J - a +5 amulet of reflection
 K - an uncursed ring of wizardry {unknown}
 O - a +5 ring of dexterity {unknown}
Wands
 B - a wand of iceblast (7)
Scrolls
 c - 3 scrolls of blinking
 h - 3 scrolls of teleportation {unknown}
 i - 2 scrolls of magic mapping {unknown}
 o - a scroll of random uselessness {unknown}
 r - 2 scrolls of enchant weapon {unknown}
 s - a scroll of amnesia {unknown}
 t - 2 scrolls of noise {unknown}
 u - 2 scrolls of remove curse {unknown}
 x - a scroll of identify {unknown}
 D - a scroll of fear {unknown}
 H - a scroll of enchant armour {unknown}
 L - a scroll of brand weapon {unknown}
Potions
 l - a potion of flight {unknown}
 m - a potion of heal wounds {unknown}
 p - a potion of lignification {unknown}
 v - a potion of berserk rage {unknown}
 z - a potion of invisibility {unknown}
 G - a potion of curing
 Q - a potion of agility {unknown}
Comestibles
 f - 8 rations
 P - 5 chunks of flesh


   Skills:
 + Level 3.5 Fighting
 - Level 2.1 Throwing
 + Level 2.8 Armour
 + Level 3.2 Dodging
 + Level 3.6 Stealth
 * Level 5.4 Unarmed Combat
 + Level 4.0 Spellcasting
 + Level 2.2 Hexes
 + Level 2.9 Charms
 + Level 4.4 Translocations


You had 7 spell levels left.
You knew the following spells:

 Your Spells              Type           Power        Failure   Level  Hunger
a - Shroud of Golubria    Chrm/Tloc      ##........   8%          2    ##.....
b - Blink                 Tloc           N/A          5%          2    ##.....
c - Teleport Other        Tloc           ###.....     11%         3    ###....
d - Confusing Touch       Hex            #.....       10%         1    None

Your spell library contained the following spells:

 Spells                   Type           Power        Failure   Level  Hunger
 Apportation              Tloc           ###...       3%          1    None
 Gell's Gravitas          Tloc           ###.......   11%         3    ###....
 Lesser Beckoning         Tloc           ###.......   11%         3    ###....
 Animate Skeleton         Necr           N/A          22%         1    None
 Summon Small Mammal      Summ           #...         22%         1    None
 Passage of Golubria      Tloc           N/A          36%         4    ####...


Dungeon Overview and Level Annotations

Branches:
Dungeon (6/15)             Temple (1/1) D:6

Altars:
Ashenzari
Cheibriados
Fedhas
Gozag
Hepliaklqana
Kikubaaqudgha
Makhleb
Okawaru
Qazlal
Ru
Sif Muna
Trog
Uskayaw
Vehumet
Xom
Yredelemnul
Zin
The Shining One

Shops:
D:5 %


Innate Abilities, Weirdness & Mutations

You have razor-sharp teeth.
Your natural rate of healing is unusually fast.
When hurt, damage is shared between your health and your magic reserves.
Your bite disrupts and absorbs the magic of your enemies.
Potions cannot restore your health.
You are immune to rotting.


Message History

The bolt of electricity hits the plant.
The bolt of electricity hits the plant! x2
The bolt of electricity hits you.
The electric eel shoots out a bolt of lightning at you!
The bolt of electricity hits the plant. x2
The bolt of electricity hits the plant!
The bolt of electricity hits you!
* * * LOW HITPOINT WARNING * * *
The electric eel shoots out a bolt of lightning at you!
The bolt of electricity hits the plant!
The bolt of electricity misses you.
The bolt of electricity hits the plant.
The electric eel shoots out a bolt of lightning at you!
The bolt of electricity hits the plant!
The bolt of electricity misses you.
The electric eel shoots out a bolt of lightning at you!
The bolt of electricity hits the plant!
The bolt of electricity hits you!
* * * LOW HITPOINT WARNING * * *
The bolt of electricity hits the plant!
The bolt of electricity hits the plant.
The electric eel shoots out a bolt of lightning at you!
The bolt of electricity hits the plant! x2; The bolt of electricity hits you!
* * * LOW HITPOINT WARNING * * *
The bolt of electricity hits you.
You die...

######### ##..P.P.≈# #..P.P≈PPP#
#.P.P≈≈≈PP# ##.PP≈≈♣♣≈.##
#...P♣≈♣≈≈≈≈# ##@PP;♣≈♣≈≈≈P##
########..P;♣♣♣P♣♣≈PP# ##
#........≈P♣≈≈PPPP♣PP## .#
#.#######PP≈♣PPPP≈≈♣PP# .#
####.#######≈P♣≈P.P.P≈≈PP###
.####...........P≈♣≈P...P.≈≈^..##
.........#######≈P≈.###.#P≈♣PP..#
......#### #P♣≈P# #..≈P≈PP≈.#
..##### #P≈≈P# ###.P≈PP≈.#


You could see 2 electric eels.

Vanquished Creatures
  Sigmund (D:5)
  2 ice beasts (D:6)
  A sky beast (D:6)
  A phantom (D:6)
  An ogre (D:4)
  2 bullfrogs (Sewer)
  A howler monkey (D:6)
  2 crimson imps
  A centaur zombie (D:6)
  A hound (D:6)
  A gnoll shaman (D:6)
  An orc wizard (D:3)
  5 worker ants
  A hound skeleton (D:6)
  A worker ant zombie (D:5)
  3 gnolls (D:6)
  14 adders
  7 river rats
  A shadow imp (D:5)
  9 oozes
  2 adder skeletons
  A worm (D:6)
  4 dart slugs
  11 leopard geckos
  16 orcs
  11 ball pythons
  15 giant cockroaches
  7 goblins
  5 hobgoblins
  13 jackals
  A quokka (D:3)
  5 bats
  16 frilled lizards
  10 kobolds
  A leopard gecko skeleton (D:5)
  26 rats
200 creatures vanquished.

Vanquished Creatures (others)
  A gnoll (D:6)
  2 plants (D:6)
3 creatures vanquished.

Grand Total: 203 creatures vanquished

Notes
Turn   | Place    | Note
-------+----------+-------------------------------------------
     0 | D:1      | Descartes the Vine Stalker Warper began the quest for the
                  | Orb.
     0 | D:1      | Reached XP level 1. HP: 11/11 MP: 4/4
   142 | D:1      | Reached skill level 1 in Throwing
   146 | D:1      | Reached XP level 2. HP: 12/15 MP: 6/6
   299 | D:1      | Learned a level 2 spell: Shroud of Golubria
   355 | D:1      | Learned a level 2 spell: Blink
   366 | D:1      | Reached skill level 1 in Armour
   446 | D:1      | Reached XP level 3. HP: 16/18 MP: 5/7
  1349 | D:2      | Gained mutation: Your natural rate of healing is unusually
                  | fast. [Vine Stalker growth]
  1349 | D:2      | Reached XP level 4. HP: 17/23 MP: 8/8
  1741 | D:3      | Reached skill level 3 in Unarmed Combat
  1781 | D:3      | Reached XP level 5. HP: 25/26 MP: 9/9
  1903 | D:3      | Found a basalt altar of Yredelemnul.
  2223 | D:3      | Reached skill level 1 in Stealth
  2223 | D:3      | Reached skill level 1 in Charms
  2468 | D:4      | Noticed an ogre
  2484 | D:4      | Killed an ogre
  2484 | D:4      | Reached XP level 6. HP: 22/32 MP: 11/11
  2569 | D:4      | Noticed a phantom
  3290 | D:5      | Entered Level 5 of the Dungeon
  3319 | D:4      | Reached XP level 7. HP: 20/35 MP: 7/12
  3407 | D:5      | Noticed Sigmund
  3431 | D:5      | Got a shimmering leather armour
  3442 | D:5      | Identified the +1 leather armour of Wygryjat {+Fly Str-5
                  | SInv} (You found it on level 5 of the Dungeon)
  3491 | D:5      | Learned a level 3 spell: Teleport Other
  3493 | D:5      | Learned a level 1 spell: Confusing Touch
  3535 | D:5      | Found Roufots's Food Emporium.
  4251 | D:5      | Killed Sigmund
  4251 | D:5      | Reached skill level 4 in Unarmed Combat
  4430 | D:6      | Reached skill level 1 in Hexes
  4532 | D:6      | Gained mutation: You have razor-sharp teeth. [Vine Stalker
                  | growth]
  4532 | D:6      | Reached XP level 8. HP: 33/40 MP: 14/14
  4693 | D:6      | Found a glowing drain.
  4705 | Sewer    | Entered a sewer
  5361 | Sewer    | Reached skill level 5 in Unarmed Combat
  5573 | D:6      | Found a staircase to the Ecumenical Temple.
  5579 | Temple   | Entered the Ecumenical Temple
  5800 | Temple   | Became a worshipper of Cheibriados the Contemplative
  6232 | D:6      | Killed from afar by an electric eel

Skill      XL: |  1  2  3  4  5  6  7  8 |
---------------+-------------------------+-----
Throwing       | 1 2 |  2.1
Fighting       | 2 3 |  3.5
Armour         | 1 2 |  2.8
Dodging        | 2 3 |  3.2
Unarmed Combat | 3 4 5 |  5.4
Stealth        | 1 2 3 |  3.6
Charms         | 1 2 |  2.9
Spellcasting   | 3 4 |  4.0
Hexes          | 1 2 |  2.2
Translocations | 4 |  4.4

Action                   |  1- 3 |  4- 6 |  7- 9 || total
-------------------------+-------+-------+-------++-------
Melee: Unarmed           |   136 |   423 |   694 ||  1253
       Bite              |    42 |    99 |   143 ||   284
       Punch             |     1 |     9 |     7 ||    17
Throw: Tomahawk          |     2 |     4 |    15 ||    21
 Cast: Shroud of Golubri |       |    15 |    14 ||    29
       Confusing Touch   |       |       |    19 ||    19
  Use: Potion            |       |     3 |       ||     3
 Stab: Confused          |       |       |    12 ||    12
       Sleeping          |       |       |     4 ||     4
  Eat: Chunk             |     1 |     9 |    16 ||    26
Armor: Leather armour    |    57 |       |   275 ||   332
       Ring mail         |    18 |   184 |     3 ||   205
Dodge: Dodged            |    78 |   201 |   424 ||   703
Block: Other             |       |       |    70 ||    70
